Cogmind - Beta 15 @@@ ROGUE MODE // 2025.06.24 @ 03:02:57 Player: Mogwok Wargfriend Result: Destroyed by RZ-O1R(R) with Subdweller Laser Performance ------------- Evolutions (0) 0 Regions Visited (2) 400 Robots Destroyed (18) 90 Value Destroyed (393) 393 Prototype IDs (0) 0 Alien Tech Used (0) 0 Bonus (0) 0 TOTAL SCORE: 883 Bonus ------- None Cogmind --------- Core Integrity 0/250 Matter 260/300 Energy 187/200 System Corruption 0% Temperature Cool (6) Movement Rolling (110) Location -10/Subcaves Parts ------- > --- POWER (1) -------- Subdweller Power Source > --- PROPULSION (2) --- Subdweller Monowheel Subdweller Monowheel > --- UTILITY (2) ------ Medium Storage Unit Makeshift Light Armor Plating > --- WEAPON (2) ------- Medium Laser Battle Cannon > --- INVENTORY (10) --- Aluminum Leg Compact Wheel Subdweller Monowheel Disposable Heat Sink Hacking Suite Small Laser Datajack Mining Laser Scrap Shield Fragment (47) Peak State ------------ > --- POWER ------------ Subdweller Power Source > --- PROPULSION ------- Subdweller Monowheel Subdweller Monowheel > --- UTILITY ---------- Medium Storage Unit Makeshift Light Armor Plating > --- WEAPON ----------- Medium Laser Battle Cannon > --- INVENTORY -------- Aluminum Leg Compact Wheel Subdweller Monowheel Disposable Heat Sink Hacking Suite Small Laser Datajack Mining Laser Scrap Shield Fragment [Rating: 15] Favorites ----------- Power Ion Engine Engine Ion Engine Propulsion Compact Wheel Leg Aluminum Leg Wheel Compact Wheel Utility Medium Storage Unit Device Seismic Detector Storage Medium Storage Unit Processor Targeting Computer Protection Makeshift Light Armor Plating Weapon Particle Gun Energy Gun Particle Gun Ballistic Gun Light Assault Rifle Ballistic Cannon Battle Cannon Special Weapon Mining Laser Special Melee Weapon Datajack Build | -11 -10 -10 ------- Run | Yrd Mat Sub Slots Evolved . | . . . Power . | . . . Propulsion . | . . . Utility . | . . . Weapon . | . . . Parts Attached 29 | 8 7 14 Power 5 | 1 1 3 Engine 5 | 1 1 3 Core . | . . . Reactor . | . . . Propulsion 8 | 3 1 4 Treads . | . . . Leg 1 | . . 1 Wheel 7 | 3 1 3 Hover . | . . . Flight . | . . . Utility 6 | 2 2 2 Device 2 | 1 . 1 Storage 2 | 1 1 . Processor 1 | . 1 . Hackware . | . . . Protection 1 | . . 1 Artifact . | . . . Weapon 10 | 2 3 5 Energy Gun 5 | 1 1 3 Energy Cannon . | . . . Ballistic Gun 2 | 1 . 1 Ballistic Cannon 1 | . . 1 Launcher . | . . . Special Weapon 1 | . 1 . Impact Weapon . | . . . Slashing Weapon . | . . . Piercing Weapon . | . . . Special Melee Weapon 1 | . 1 . Unidentified Prototypes . | . . . Parts Lost 11 | . 1 10 Power 2 | . . 2 Propulsion 3 | . 1 2 Utility 2 | . . 2 Weapon 4 | . . 4 Highest Loss Streak 7 | . 1 7 To Critical Strikes . | . . . Average Backups 8 | 5 9 8 Power . | . 1 . Propulsion 2 | 3 3 1 Utility 1 | . . 1 Weapon 3 | 1 3 3 Tool/Special . | . . . Unused Backups 8 | 2 2 4 Power 1 | . . 1 Propulsion 4 | 2 1 1 Utility 2 | . . 2 Weapon 1 | . 1 . Tool/Special . | . . . Average Slot Usage (%) 94 | . 100 92 Engine 11 | . 14 10 Leg 2 | . . 3 Wheel 24 | . 28 23 Device 3 | . 10 . Storage 14 | . 14 14 Processor 5 | . 3 7 Protection 2 | . . 3 Energy Gun 14 | . 14 15 Ballistic Gun 7 | . 11 6 Special Weapon 3 | . . 5 Peak Build Rating 15 | 7 9 15 Average Rating 8 | 5 8 9 On Entrance 5 | . 7 9 Naked Turns . | . . . Heaviest Build 24 | 11 20 24 Greatest Support 40 | 20 26 40 Greatest Overweight (x) 3 | 3 . 1 Average Overweight (x) . | 1 . . Largest Inventory Capacity 10 | 8 10 10 Average Capacity 9 | 7 9 10 Most Carried 10 | 8 10 10 Average Carried 8 | 5 9 8 Final Capacity 10 | 8 10 10 Final Carried 10 | 8 10 9 Class Distribution -------------------- 75% | Mutant 18% | Scavenger-Mutant 5% | Derelict-Mutant Dominant Class ---------------- Mutant | -10/Materials Mutant | -10/Subcaves Resources | -11 -10 -10 ----------- Run | Yrd Mat Sub Matter Collected 600 | 287 119 194 Remotely . | . . . Salvage Created 555 | 133 325 97 Parts 50 | 13 29 8 Haulers Intercepted . | . . . Recyclers Shooed . | . . . Parts Field Recycled . | . . . Retrieved Matter . | . . . Parts Self-Destructed 5 | . . 5 Prevented . | . . . Kills | -11 -10 -10 ------- Run | Yrd Mat Sub Combat Hostiles Destroyed 11 | . 8 3 Guns 11 | . 8 3 Classes Destroyed 8 | 2 5 1 Worker 1 | . 1 . Tunneler 3 | 3 . . Recycler 1 | 1 . . Operator 1 | . 1 . Watcher 1 | . 1 . Swarmer 3 | . 3 . Grunt 5 | . 5 . Subdweller 3 | . . 3 Best Kill Streak 4 | 3 4 1 Combat Bots Only 3 | . 3 1 Max Kills in Single Turn 2 | 1 2 1 Gunslinging 1 | . 1 . Exploded . | . . . Melee . | . . . Uniques/NPCs Destroyed . | . . . Combat | -11 -10 -10 -------- Run | Yrd Mat Sub Hostile Shots Fired 62 | . 32 30 Missed 21 | . 15 6 Hits 41 | . 17 24 Projectile 41 | . 17 24 AOE 10 | . . 10 Damage Taken 1077 | . 198 879 Core 263 | . 26 237 Absorbed by Shields . | . . . Core Remaining (%) 100 | 100 . . Volleys Fired 93 | 7 31 55 Largest 2 | 2 2 2 Hottest 100 | 60 85 100 Shots Fired 146 | 14 56 76 Gun 112 | 14 56 42 Cannon 2 | . . 2 Launcher . | . . . Special 32 | . . 32 Kinetic 59 | 7 31 21 Thermal 87 | 7 25 55 Explosive . | . . . Electromagnetic . | . . . Robot Hit Streak 23 | 4 16 23 Robot Miss Streak 4 | 2 4 1 Penetration Max . | . . . Secondary Targets 3 | . 3 . Max Gunslinging Chain 1 | . 1 . Shots Hit Robots 81 | 8 37 36 Core Hits 30 | 6 17 7 Critical Kills . | . . . Critical Parts Destroyed . | . . . Critical Strikes 4 | . 1 3 Burn 3 | . 1 2 Destroy 1 | . . 1 Melee Attacks 5 | . 5 . Impact . | . . . Slashing . | . . . Piercing . | . . . Sneak Attacks 2 | . 2 . Combat Hostiles . | . . . Follow-up Attacks . | . . . Damage Inflicted 895 | 75 380 440 Guns 856 | 75 380 401 Cannons 39 | . . 39 Explosions . | . . . Melee . | . . . Ramming . | . . . Kinetic 346 | 22 133 191 Thermal 549 | 53 247 249 Explosive . | . . . Electromagnetic . | . . . Impact . | . . . Slashing . | . . . Piercing . | . . . Highest Corruption . | . . . Average Corruption . | . . . Corruption Purged . | . . . Corruption Blocked . | . . . Overload Shots . | . . . Overflow Damage . | . . . Projectiles . | . . . Explosions . | . . . Melee . | . . . Knockbacks 1 | . . 1 Impact . | . . . Kinetic 1 | . . 1 Secondary . | . . . Self-Inflicted Damage . | . . . Shots . | . . . Rammed . | . . . Targets Rammed . | . . . Kicked . | . . . Crushed . | . . . Highest Temperature 132 | 40 132 6 Average Temperature 41 | 20 47 5 Received Heat Transfer 198 | . 108 90 Siege Activations . | . . . Martial Activations . | . . . Shielding Activations . | . . . Robots Disrupted . | . . . Combat Hostiles . | . . . Robots Corrupted . | . . . Combat Hostiles . | . . . Parts Fried . | . . . Impact Corruptions . | . . . Robots Melted . | . . . Combat Hostiles . | . . . Parts Melted . | . . . Heat Transferred 1583 | 125 644 814 Parts Sabotaged . | . . . Parts Stolen . | . . . Parts Stripped . | . . . Power Chain Reactions . | . . . Alert | -11 -10 -10 ------- Run | Yrd Mat Sub Maximum Alert Level . | . . . Low Security (%) 100 | 100 100 . Level 1 . | . . . Level 2 . | . . . Level 3 . | . . . Level 4 . | . . . Level 5 . | . . . High Security . | . . . Max Security . | . . . Peak Influence 85 | 10 85 . Initial . | . . . Average 21 | 1 26 . Influence Increases 227 | 20 207 . Destroy 0b10 Robot/C 160 | . 160 . Destroy 0b10 Robot/NC 35 | 20 15 . Destroy Leader 32 | . 32 . Influence Decreases 227 | 20 191 16 Entered New Map 8 | . . 8 Time Decay 209 | 20 181 8 Lost Part 10 | . 10 . Squads Dispatched 2 | . 2 . Investigation . | . . . Extermination . | . . . Reinforcement 2 | . 2 . Assault . | . . . Garrison . | . . . Intercept . | . . . Searches Triggered . | . . . Construction Impeded . | . . . Haulers Reinforced . | . . . Active Scanning Responses . | . . . Cargo Convoy Interrupts . | . . . Stealth | -11 -10 -10 --------- Run | Yrd Mat Sub Distress Signals . | . . . Communications Jammed . | . . . Distress Signals . | . . . Times Spotted 19 | . 14 5 Peak Tracking Total 3 | . 3 2 Tactical Retreats . | . . . Traps | -11 -10 -10 ------- Run | Yrd Mat Sub Traps Triggered . | . . . Indirectly . | . . . Trap Hack Attempts . | . . . Triggered . | . . . Disarmed . | . . . Reprogrammed . | . . . Reused . | . . . Traps Extracted . | . . . Installed . | . . . Triggered . | . . . Machines | -11 -10 -10 ---------- Run | Yrd Mat Sub Machines Disabled 1 | . 1 . Max in Single Turn 1 | . 1 . Machines Repaired . | . . . Machines Dismantled . | . . . Machines Sabotaged . | . . . Overloaded Fab Kills . | . . . Hacking | -11 -10 -10 --------- Run | Yrd Mat Sub Machines Accessed 2 | . 1 1 Terminals 1 | . 1 . Fabricators . | . . . Repair Stations . | . . . Recycling Units . | . . . Scanalyzers . | . . . Garrison Access . | . . . Total Hacks 6 | . 2 4 Successful 5 | . 1 4 Failed 1 | . 1 . Catastrophic . | . . . Database Lockouts . | . . . Manual 1 | . 1 . Terminals 2 | . 2 . Fabricators . | . . . Repair Stations . | . . . Recycling Units . | . . . Scanalyzers . | . . . Garrison Access . | . . . Terminal Hacks 5 | . 1 4 Record 4 | . . 4 Locate Traps 1 | . 1 . Fabricator Hacks . | . . . Repair Station Hacks . | . . . Recycling Unit Hacks . | . . . Scanalyzer . | . . . Garrison Access Hacks . | . . . Unauthorized Hacks . | . . . Terminals . | . . . Fabricators . | . . . Repair Stations . | . . . Recycling Units . | . . . Scanalyzers . | . . . Garrison Access . | . . . Data Cores Recovered . | . . . Used . | . . . Hacking Detections 1 | . 1 . Full Trace Events . | . . . Feedback Events . | . . . Feedback Blocked . | . . . Robot Schematics Acquired . | . . . Robots Built . | . . . Authchips . | . . . Time . | . . . Total Robot Build Rating . | . . . Part Schematics Acquired . | . . . Parts Built . | . . . Authchips . | . . . Time . | . . . Total Part Build Rating . | . . . Parts Repaired . | . . . Time . | . . . Parts Recycled . | . . . Recycled Matter . | . . . Retrieved Matter . | . . . Retrieved Components . | . . . Parts Scanalyzed . | . . . Part Schematics Acquired . | . . . Parts Damaged . | . . . Bothacking | -11 -10 -10 ------------ Run | Yrd Mat Sub Used RIF Installer . | . . . Robots Hacked 1 | . 1 . Non-combat 1 | . 1 . Combat . | . . . Robot Hacks Applied 1 | . 1 . no_distress 1 | . 1 . Relay Couplers Released . | . . . Fabnet Peak Effective % . | . . . Robots Rewired . | . . . Allies Hacked . | . . . Hacks Repelled . | . . . Allies | -11 -10 -10 -------- Run | Yrd Mat Sub Total Allies . | . . . Largest Group . | . . . Highest-Rated Group . | . . . Highest-Rated Ally . | . . . Total Orders . | . . . Ally Attacks . | . . . Total Damage . | . . . Kills . | . . . Allies Corrupted . | . . . Allies Melted . | . . . Intel | -11 -10 -10 ------- Run | Yrd Mat Sub Active Infowar (turns) 419 | 18 401 . Seismic 419 | 18 401 . Robot Analysis Total . | . . . Derelict Logs Recovered 1 | . . 1 Drone Launches . | . . . Drone Recoveries . | . . . Exploration | -11 -10 -10 ------------- Run | Yrd Mat Sub Turns Passed 1776 | 132 521 1123 Spaces Moved 1366 | 68 403 895 Core 45 | 45 . . Treads . | . . . Legs . | . . . Wheels 1321 | 23 403 895 Hover . | . . . Flight . | . . . Fastest Speed 50 | 50 80 90 Average Speed 96 | 132 88 97 Slowest Speed 200 | 200 90 120 Overloaded Moves . | . . . Propulsion Burnouts . | . . . Robots Hopped . | . . . Potential Cave-ins 4 | . . 4 Cave-ins Triggered . | . . . Exploration Rate (%) 37 | 5 52 54 Regions Visited 2 Branch Regions 1 Pre-discovered Areas . | . . . Known Exits Taken . | . . . Unknown Exits Taken 2 | 1 1 . Scrap Searched 4 | . . 4 Spaces Dug 4 | . . 4 Terrain Destroyed 11 | . . 11 Melee . | . . . Projectile 11 | . . 11 AOE . | . . . Terrain Rammed . | . . . Walls Destroyed . | . . . Machines Disabled . | . . . Actions | -11 -10 -10 --------- Run | Yrd Mat Sub Total 1618 | 93 515 1010 Wait 81 | . 55 26 Move 1364 | 67 402 895 Hop . | . . . Pick Up 23 | 9 6 8 Fast Attach 11 | 7 1 3 Attach 11 | . 2 9 Detach 1 | . . 1 Swap 17 | 1 6 10 Drop 12 | 2 7 3 Fire 93 | 7 31 55 Melee 5 | . 5 . Ram . | . . . Kick . | . . . Crush . | . . . Escape Stasis . | . . . Rewire . | . . . Trap . | . . . Miscellaneous . | . . . Route ------- -11/Scrapyard -10/Materials (discovered 3 exits: [*Mat] / [*Min] / *Sub) -10/Subcaves History --------- Turn | Location | Event 8 | -11/Scrapyard | Discovered new exit (range 16) 133 | -11/Scrapyard | Entered Materials 304 | -10/Materials | Build established: Mutant 341 | -10/Materials | Discovered new exit (range 5) 407 | -10/Materials | Discovered new exit (range 9) 647 | -10/Materials | Discovered new exit (range 9) 654 | -10/Materials | Entered Subcaves 990 | -10/Subcaves | Visited Clippyterm 992 | -10/Subcaves | Learned Factory trap positions 992 | -10/Subcaves | Learned Factory emergency access door positions 1238 | -10/Subcaves | Core integrity fell below 50% 1249 | -10/Subcaves | Core integrity fell below 20% 1288 | -10/Subcaves | Lost 7 parts (2p1n2u2w) 1510 | -10/Subcaves | Disturbed a concealed Subdweller 1777 | -10/Subcaves | Destroyed by RZ-O1R(R) with Subdweller Laser Last Messages --------------- 01563_ Searching scrap... 01563_ Found Battle Cannon. 01563_ Found 64 Matter. 01565_ Acquired Battle Cannon. 01571_ Searching scrap... 01571_ Found Sub. Power Source. 01571_ Found Sub. Monowheel. 01571_ Found 62 Matter. 01573_ Acquired Sub. Power Source. 01576_ Acquired Sub. Monowheel. 01581_ Subatomizers dissect the Sub. Optics. 01581_ Acquired Scrap Shield Fragment. 01583_ Dropped Scrap Shield Fragment. 01583_ Acquired Scrap Shield Fragment. 01628_ Sub. Power Source shoots sparks and powers down. 01648_ Dropped Broken Sub. Power Source. 01658_ Subatomizers dissect the Broken Sub. Power Source. 01774_ RZ-O1R(R) knocked back. Map ----- +----------------------------------------------------+ | | | | | | | | | | | ?????????????????????????????????????????????????? | | ?????????????????????????????????????????????????? | | ?????????????????????????????????????????????????? | | ?????????????????????????????????????????????????? | | ?????????????????????????????????????????????????? | | ?????????????????????????????????????????????????? | | ?????????????????????????????????????????????????? | | ?????????????????????????????????????????????????? | | ?????????????????????????????????????????????????? | | ?????????????????????????????????????????????????? | | ?????????????????????????????????????????????????? | | ?????????????????????????????????????????????????? | | ?????????????????????????????????????????????????? | | ?????????????? #???????##????????????????????????? | | ??????????????? $?##### "????????????????????????? | | ?############???? # ?????????????????????????? | | ?# # ## ##???? ##?????????????????????????? | | ??# #????## "#?????????????????????????? | | ??# ##?###< <###???????????????????????? | | ??# #### ### < ###?????????????????????? | | ?## #??### @ ##?????#??????????????? | | ?# ##????# #??? #??????????????? | | ?## #?????# ## ## #??????????????? | | ?## ##????#### ## ####R #??????????????? | | ?# #?????# #####??## ##??????????????? | | ?# #????# ## #????????R ##???????????????? | | ?# ##????# # #????????? ##????????????????? | | ?## #?????# #### ????????? #?????????????????? | | ### #?????# #???## ????????? ?????????????????? | | ## #????# ??????###????????# ????????????????? | | ##????## ?????????????????? ????????????????? | | ##?????? ??????????????????? ???????????????? | | #??????## ????????????????????#&??????????????? | | #??????? ?????????????????????#??????????????? | | #???????# ????????????????????????????????????? | | ####??????? ????????????????????????????????????? | | ???????????#?????????????????????????????????????? | | ?????????????????????????????????????????????????? | | ?????????????????????????????????????????????????? | | ????????????????????????????????????????????????? | | ???????????????????????????????????????????????? | | ??????????????????????????????????????????????? | | ??????????????????????????????????????????????? | | ????????????????????????????????????????????????? | | ?????????????????????????????????????????????????? | +----------------------------------------------------+ Best States ------------- Heat Dissipation 35 Energy Generation 15 Energy Capacity 250 Matter Stores 300 Matter Capacity 300 Sight Range 16 Terrain Scan Density 10 Armor Coverage 100 Evasion (%) 50 Targeting Accuracy 5 Item Schematics ----------------- None Robot Schematics ------------------ None Fabricated ------------ Nothing Repaired ---------- Nothing Alien Tech Used ----------------- None Achievements -------------- None Challenges ------------ None Game ------ Seed BackupCoreTrap Manual? 0 Play Time 00:18:24 Cumulative 231.7 hours Start 2025.06.24 @ 02:50:04 End 2025.06.24 @ 03:02:57 Sessions 1 Manual Loads 0 Difficulty Rogue Special Mode None Game No. 223 Rogue 223 Adventurer 0 Explorer 0 Win Type - Total 1 Types 1/0/0/0/0/0/0/0/0/0 Lore% 58 Gallery% 60 Achievement% 47 Wizard Run 0 Options --------- Layout 2 ASCII 1 Keyboard 1 Movement Numpad Keybinds 0 Fullscreen 2 Font 32/TamsynBold Map View 50x44 Zoom Use 0% Tactical HUD 1 Map Filters NONE Filters NONE Steam 1 RUN: 61ac8c03-2d08-449b-b978-d60272fa97c0